 Dungeon Crawl Stone Soup version 0.31-a0-150-g89dc3ad700 (webtiles) character file.

Game seed: 1568356381885967218

180312 qw the Crack Shot (level 17, -11/155 (168) HPs)
             Began as a Minotaur Hunter on June 8, 2023.
             Was an Elder of Okawaru.
             Killed from afar by Bai Suzhen (45 damage)
             ... with a torrent of water
             ... on level 4 of the Spider Nest.
             The game lasted 00:12:42 (27517 turns).

qw the Crack Shot (Minotaur Hunter)                Turns: 27517, Time: 00:12:42

HP:   -11/155 (168) AC: 23    Str: 21      XL:     17   Next: 64%
MP:   1/23          EV: 32    Int:  7 (8)  God:    Okawaru [****..]
Gold: 2944          SH:  0    Dex: 24      Spells: 16/16 levels left

rFire   + . .        w - +3 triple crossbow (freeze)
rCold   + + .        (shield currently unavailable)
rNeg    . . .        r - +3 steam dragon scales
rPois   +            p - +5 hat of Duck's Teeth {rC+ SInv Stlth+}
rElec   +            b - +2 cloak
rCorr   .            c - +0 pair of gloves
SInv    +            j - +2 pair of boots "Iggusch" {rElec rC+ Int+2}
Will    +....        o - amulet of faith
Stlth   ++           y - ring "Aromodik" {rPois rF+ Str+4 Dex+3 SInv}
HPRegen 0.45/turn    s - +5 ring of evasion
MPRegen 0.18/turn

%: faith
@: slowed, drained, very slow
A: horns 2, retaliatory headbutt
a: Renounce Religion, Heroism, Finesse


You were on level 4 of the Spider Nest.
You worshipped Okawaru.
Okawaru was greatly pleased with you.
You visited 6 branches of the dungeon, and saw 30 of its levels.
You also visited: Ossuary.

You collected 3512 gold pieces.
You spent 568 gold pieces at shops.


Innate Abilities, Weirdness & Mutations

You have a pair of horns on your head.
You reflexively headbutt those who attack you in melee.


   Skills:
 - Level 19.0 Fighting
 - Level 22.0 Ranged Weapons
 + Level 10.9 Armour
 - Level 17.0 Dodging
 - Level 0.7 Stealth
 - Level 10.0 Invocations


You had 16 spell levels left.
You didn't know any spells.
Your spell library was empty.

Inventory:

Hand Weapons
 u - a +1 arbalest of flaming
 w - a +3 triple crossbow of freezing (weapon)
Armour
 b - a +2 cloak (worn)
 c - a +0 pair of gloves (worn)
 g - a +0 pair of boots of flying
 j - the +2 pair of boots "Iggusch" (worn) {rElec rC+ Int+2}
   (You found it on level 2 of the Dungeon)

   Int:       It affects your intelligence (+2).
   rC:        It protects you from cold.
   rElec:     It insulates you from electricity.
 p - the +5 hat of Duck's Teeth (worn) {rC+ SInv Stlth+}
   (Okawaru gifted it to you on level 4 of the Lair of Beasts)

   rC:        It protects you from cold.
   SInv:      It lets you see invisible.
   Stlth:     It makes you more stealthy.
 r - +3 steam dragon scales (worn)
 t - the +3 salamander hide armour {Flames, rFlCloud rF++ rC--}
   (You found it on level 3 of the Lair of Beasts)

   Flames:    It surrounds you with flame clouds and enhances your fire magic.
   rFlCloud:  It grants immunity to flame clouds.
   rF:        It greatly protects you from fire.
   rC:        It makes you very vulnerable to cold.
 x - +0 swamp dragon scales
Jewellery
 d - a ring of fire
 o - an amulet of faith (around neck)
 q - the amulet "Cias" {Reflect rF+ Will+ SH+5}
   (You found it on level 4 of the Dungeon)

   [amulet of reflection]

   It reflects blocked missile attacks.
   rF:        It protects you from fire.
   SH:        It affects your SH (+5).
   Will:      It increases your willpower.
 s - a +5 ring of evasion (right hand)
 y - the ring "Aromodik" (left hand) {rPois rF+ Str+4 Dex+3 SInv}
   (You found it on level 1 of the Swamp)

   [ring of see invisible]

   Str:       It affects your strength (+4).
   Dex:       It affects your dexterity (+3).
   rF:        It protects you from fire.
   rPois:     It protects you from poison.
   SInv:      It lets you see invisible.
Wands
 l - a wand of digging (5)
Scrolls
 a - 8 scrolls of teleportation
 f - 19 scrolls of identify
Potions
 e - 6 potions of might
 h - a potion of magic
 i - 7 potions of haste
 k - 2 potions of cancellation
 m - 12 potions of curing
 n - 6 potions of mutation
 v - 5 potions of heal wounds

Dungeon Overview and Level Annotations

Branches:
Dungeon (15/15)            Temple (1/1) D:5            Lair (5/5) D:8
  Swamp (3/4) Lair:3       Spider (4/4) Lair:3        Slime (0/5) Lair:4
    Orc (2/2) D:12            Elf (0/3) Orc:2        Vaults (0/5) D:13
 Depths (0/4) D:15        Ossuary (visited)

Altars:
Ashenzari
Cheibriados
Dithmenos
Elyvilon
Gozag
Hepliaklqana
Kikubaaqudgha
Makhleb
Nemelex Xobeh
Okawaru
Qazlal
Ru
Sif Muna
Trog
Uskayaw
Wu Jian
Xom
Yredelemnul
Zin
The Shining One
Jiyva

Shops:
D:12 [(   D:13 *   D:14 (   D:15 :   Orc:2 ([(:!

Portals:
Trove: D:13 (give +4 shadow dragon scales)

Annotations:
D:5 3 runed translucent doors, qw's ghost, novice GrFi
D:8 2 runed translucent doors
Spider:1 2 transporters, Arachne; Cumomo's ghost, adept SpEn; qw's ghost, adept MiHu
Spider:3 3 runed translucent doors, Feguytzu's ghost, journeyman GrMo
Spider:4 Bai Suzhen
Orc:1 3 runed translucent doors, Bigaod's ghost, journeyman DsGl


Message History

A culicivora comes into view.
A tarantella comes into view.
Bai Suzhen completely misses you.
The +0 spectral quarterstaff closely misses you.
Bai Suzhen tail-slaps you but does no damage.
You shoot a bolt.
The tarantella's many legs skitter faintly.
The culicivora's many legs skitter faintly.
The bolt hits Bai Suzhen!!!
Bai Suzhen roars in fury and transforms into a fierce dragon!
The bolt freezes Bai Suzhen!
Bai Suzhen is severely wounded.
You are engulfed in a thunderstorm.
You resist.
You hear a faint skittering sound.
The +0 spectral quarterstaff passes through a web.
The tarantella touches you but does no damage.
The jumping spider leaps!
Bai Suzhen completely misses you.
Bai Suzhen claws you but does no damage.
Bai Suzhen completely misses you.
A torpor snail comes into view.
Being near the torpor snail leaves you feeling lethargic.
You shoot a bolt. The bolt hits Bai Suzhen.
Bai Suzhen is severely wounded.
You are engulfed in a thunderstorm.
You resist.
A jumping spider comes into view.
The wolf spider misses you.
The wolf spider bites you but does no damage.
The wolf spider completely misses you. x2
Bai Suzhen breathes water at you. The torrent of water hits you.
You are knocked back by the torrent of water.
The wave splashes down.
Splash!
You fall into the shallow water.
Moving in this stuff is going to be slow.
The wolf spider completely misses you. You furiously retaliate!
You headbutt the wolf spider!
The wolf spider bites you but does no damage.
Bai Suzhen breathes water at you. The torrent of water hits you!!!
You die...

....^... ..
....... ... .
##.....###..^
..#......^#..
..^......^^.
#.^.^^^^# #
##....s## ..#
.#..^.@ss#.^..#
...s...y¤ss.....
^......H¤Ds^....
...#....¤#¤w^...
.. ##..:###.^.#.
. #....^ ..##
....... ##
#....... #...$..


You could see Bai Suzhen (clouds, catching breath), a jorogumo, a ghost moth
(invisible), a torpor snail, 3 wolf spiders, a culicivora, a jumping spider and
2 tarantellas.

Vanquished Creatures
  Asterion (Spider:2)
  Kirke (Swamp:2)
  4 emperor scorpions
  5 ghost moths
  2 orc warlords (Orc:2)
  An ironbound preserver (D:13)
  Aizul (Spider:2)
  5 eleionomae
  2 spark wasps
  A dire elephant (D:15)
  Azrael (D:15)
  2 bunyips (Swamp:1)
  An entropy weaver (Spider:4)
  Erolcha (D:12)
  9 hydras
  A spriggan air mage (Swamp:1)
  3 catoblepae (Lair:5)
  A jorogumo (Spider:4)
  A ghost crab (Swamp:1)
  Erica (D:8)
  7 centaur warriors
  5 radroaches
  3 two-headed ogres
  11 boulder beetles
  9 alligators
  3 tengu warriors
  An orc high priest (Orc:2)
  18 death yaks
  4 demonic crawlers
  A skeletal warrior (D:13)
  Amaemon (Lair:1)
  Nergalle (Lair:3)
  2 skysharks (Lair:5)
  Lodul (D:11)
  3 sun moths
  2 pharaoh ants
  3 goliath frogs
  6 orb spiders
  4 bog bodies
  2 spriggan druids
  An obsidian statue (D:10)
  3 swamp dragons
  6 steelbarb worms
  Pikel (D:8)
  A deep elf zephyrmancer (Orc:1)
  8 deep elf pyromancers
  2 orc knights (Orc:1)
  A salamander (D:15)
  8 cyclopes
  5 manticores
  16 wolf spiders
  An orc sorcerer (Orc:1)
  2 will-o-the-wisps
  A moth of wrath (Spider:2)
  17 ugly things
  32 elephants
  6 black mambas
  Maggie (D:8)
  4 gargoyles
  12 cane toads
  4 torpor snails
  An orange demon (Lair:1)
  2 rime drakes (Lair:2)
  An unseen horror (D:12)
  10 komodo dragons
  2 efreet
  2 tengu conjurers (D:14)
  6 tyrant leeches
  6 trolls
  A polar bear (Lair:1)
  7 tarantellas
  6 bloated husks
  5 hornets
  A raiju (shapeshifter) (D:13)
  13 blink frogs
  6 slime creatures
  A centaur simulacrum (D:15)
  4 spriggans
  19 jumping spiders
  2 wyverns
  13 culicivoras
  2 shadows
  3 wraiths
  67 yaks
  A vampire (D:12)
  A water elemental (D:12)
  6 basilisks
  2 fire elementals (D:15)
  6 hogs (Swamp:2)
  2 steam dragons
  4 vampire mosquitoes
  Grum (D:8)
  18 swamp worms
  33 redbacks
  A human (Swamp:2)
  22 water moccasins
  Duvessa (D:5)
  4 acid dragons
  5 hell hounds (D:15)
  2 wargs (Orc:2)
  An ice beast (D:7)
  34 orc warriors
  4 swamp drakes
  4 black bears
  13 ogres
  9 centaurs
  16 wolves
  A lemure (D:8)
  2 phantoms
  5 kobold brigands
  12 bullfrogs
  2 gnoll sergeants
  5 wights (D:6)
  12 scorpions
  Dowan (D:5)
  9 killer bees
  2 howler monkeys
  6 electric eels
  A centaur zombie (Ossuary)
  22 orc priests
  2 hounds (D:5)
  3 jellies
  A human zombie (Ossuary)
  2 gnoll boudas
  3 scorpion zombies (Ossuary)
  A sleepcap (D:7)
  4 iguanas
  25 orc wizards
  6 hell rats (Lair:1)
  3 mummies (Ossuary)
  8 adders
  16 gnolls
  14 river rats (Lair:1)
  3 shadow imps
  3 ufetubi
  6 dart slugs
  98 orcs
  8 endoplasms
  2 giant cockroaches
  4 gnoll zombies (Ossuary)
  7 goblins
  2 hobgoblins
  9 jackals
  26 kobolds
  10 quokkas
  6 ball pythons
  6 bats
  4 frilled lizards
  A hobgoblin zombie (Ossuary)
  A kobold zombie (Ossuary)
  An orc zombie (Ossuary)
  19 rats
  A butterfly (D:8)
  A spectral weapon (Spider:2)
1019 creatures vanquished.

Vanquished Creatures (others)
  A bloated husk (Swamp:3)
  A swamp drake (Swamp:2)
  A jelly (D:8)
  2 foxfires (Swamp:3)
5 creatures vanquished.

Grand Total: 1024 creatures vanquished

Notes
Turn   | Place    | Note
-------+----------+-------------------------------------------
     0 | D:1      | qw the Minotaur Hunter began the quest for the Orb.
     0 | D:1      | Reached XP level 1. HP: 18/18 MP: 0/0
     0 | D:1      | 0 ||| qw: Version: 0.2-a-119-g7aa9181
     0 | D:1      | 0 ||| qw: Game counter: 2919
     0 | D:1      | 0 ||| qw: Always use a shield: true
     0 | D:1      | 0 ||| qw: God list: Okawaru
     0 | D:1      | 0 ||| qw: Allow faded altars: false
     0 | D:1      | 0 ||| qw: Do Orc after D:15 true
     0 | D:1      | 0 ||| qw: Do second Lair branch before Depths: true
     0 | D:1      | 0 ||| qw: Lair rune preference: random
     0 | D:1      | 0 ||| qw: Plans: Normal
     0 | D:1      | 0 ||| PLANNING D:1-11
   175 | D:1      | Found a faded altar of an unknown god.
   201 | D:1      | Reached XP level 2. HP: 25/25 MP: 1/1
   224 | D:1      | Reached skill level 5 in Ranged Weapons
   424 | D:1      | 424 ||| UPGRADING to amulet of the acrobat.
   438 | D:1      | Reached skill level 3 in Fighting
   569 | D:1      | 569 ||| Stepping ~*~*~tactically~*~*~ (water).
   571 | D:1      | 571 ||| Stepping ~*~*~tactically~*~*~ (water).
   573 | D:1      | 573 ||| Stepping ~*~*~tactically~*~*~ (water).
   576 | D:1      | Reached XP level 3. HP: 31/31 MP: 2/2
   745 | D:1      | 745 ||| READING scroll labelled RURIDU USOLY.
   745 | D:1      | Identified a scroll of acquirement
   745 | D:1      | 745 ||| ACQUIRING +4 arbalest of draining
   745 | D:1      | Acquired a +4 arbalest of draining
   747 | D:1      | 747 ||| SWAPPING to +4 arbalest of draining.
   748 | D:1      | 748 ||| DROPPING +0 shortbow.
   749 | D:1      | 749 ||| READING 2 scrolls labelled PUTUDICRUI.
   754 | D:1      | 754 ||| READING scroll labelled YDURRI JANK.
   755 | D:1      | 755 ||| DROPPING scroll of butterflies.
  1009 | D:2      | Identified the +2 pair of boots "Iggusch" {rElec rC+ Int+2}
  1424 | D:2      | 1424 ||| UPGRADING to +0 cloak.
  1429 | D:2      | 1429 ||| UPGRADING to +2 pair of boots "Iggusch" {rElec rC+
                  | Int+2}.
  1434 | D:2      | 1434 ||| READING scroll labelled IHUONG PEMUM.
  1478 | D:3      | Reached XP level 4. HP: 38/38 MP: 3/3
  1844 | D:3      | Reached skill level 1 in Armour
  1876 | D:3      | Reached skill level 6 in Ranged Weapons
  2126 | D:3      | 2126 ||| DROPPING amulet of magic regeneration.
  2127 | D:3      | 2127 ||| READING scroll labelled PURECZ DONLOE.
  2128 | D:3      | 2128 ||| READING scroll labelled NOLUMO KIFAZIE.
  2129 | D:3      | 2129 ||| DRINKING 3 sedimented brown potions.
  2130 | D:3      | 2130 ||| DROPPING 2 potions of magic.
  2143 | D:4      | 2143 ||| PLANNING OSSUARY
  2504 | D:4      | Reached XP level 5. HP: 47/47 MP: 4/4
  2559 | D:4      | Identified the amulet "Cias" {Reflect rF+ Will+ SH+5}
  2627 | D:4      | 2627 ||| Stepping ~*~*~tactically~*~*~ (outnumbered).
  2757 | D:4      | Found a sand-covered staircase.
  2758 | D:4      | 2758 ||| UPGRADING to amulet "Cias" {Reflect rF+ Will+
                  | SH+5}.
  2768 | D:4      | 2768 ||| DROPPING amulet of the acrobat.
  2769 | D:4      | 2769 ||| READING scroll labelled TUNISTR DOYTA.
  2770 | D:4      | 2770 ||| READING 2 scrolls labelled BAROIW YBUYJI.
  2771 | D:4      | 2771 ||| READING scroll of enchant weapon.
  2771 | D:4      | 2771 ||| ENCHANTING +5 arbalest of draining.
  2772 | D:4      | 2772 ||| READING scroll labelled UKATRIBBAGGA.
  2773 | D:4      | 2773 ||| READING scroll labelled GISSAU QOGUYKU.
  2774 | D:4      | 2774 ||| DRINKING 3 red potions.
  2775 | D:4      | 2775 ||| READING 2 scrolls of identify.
  2775 | D:4      | 2775 ||| IDENTIFYING blue potion
  2776 | D:4      | 2776 ||| DROPPING potion of lignification.
  2782 | Ossuary  | Entered an ossuary
  2811 | Ossuary  | Reached skill level 7 in Ranged Weapons
  2811 | Ossuary  | Reached XP level 6. HP: 46/53 MP: 5/5
  2858 | Ossuary  | 2858 ||| FLEEEEING.
  2859 | Ossuary  | 2859 ||| FLEEEEING.
  2971 | Ossuary  | Reached skill level 8 in Ranged Weapons
  3033 | Ossuary  | Reached skill level 3 in Dodging
  3033 | Ossuary  | Reached XP level 7. HP: 57/61 MP: 6/6
  3135 | Ossuary  | Identified the ring "Kacux" {Fly rElec Will- rCorr Str+2}
  3145 | Ossuary  | 3145 ||| READING scroll labelled NEQOH DESKU.
  3146 | Ossuary  | 3146 ||| DRINKING 2 metallic dark potions.
  3147 | Ossuary  | 3147 ||| DRINKING 2 clear potions.
  3148 | Ossuary  | 3148 ||| READING 4 scrolls of identify.
  3148 | Ossuary  | 3148 ||| IDENTIFYING bubbling emerald potion
  3149 | Ossuary  | 3149 ||| READING 3 scrolls of identify.
  3149 | Ossuary  | 3149 ||| IDENTIFYING grey potion
  3150 | Ossuary  | 3150 ||| READING 2 scrolls of identify.
  3150 | Ossuary  | 3150 ||| IDENTIFYING bubbling purple potion
  3151 | Ossuary  | 3151 ||| DROPPING potion of berserk rage.
  3152 | Ossuary  | 3152 ||| DROPPING potion of invisibility.
  3153 | Ossuary  | 3153 ||| DROPPING potion of brilliance.
  3190 | D:4      | 3190 ||| PLANNING D:1-11
  3254 | D:4      | Found a bloodstained altar of Trog.
  3280 | D:4      | Reached skill level 9 in Ranged Weapons
  3388 | D:5      | Entered Level 5 of the Dungeon
  3426 | D:5      | Reached skill level 6 in Fighting
  3479 | D:5      | 3479 ||| Stepping ~*~*~tactically~*~*~ (outnumbered).
  3514 | D:5      | Found a staircase to the Ecumenical Temple.
  3515 | D:5      | 3515 ||| PLANNING TEMPLE
  3515 | D:5      | 3515 ||| UPGRADING to +0 ring mail.
  3525 | D:5      | 3525 ||| DROPPING +0 leather armour.
  3530 | Temple   | Entered the Ecumenical Temple
  3575 | Temple   | 3575 ||| PLANNING OKAWARU WORSHIP
  3705 | Temple   | Became a worshipper of Warmaster Okawaru
  3705 | Temple   | 3705 ||| PLANNING D:1-11
  3750 | D:5      | Found a sacrificial altar of Ru.
  3750 | D:5      | Noticed Dowan
  3752 | D:5      | Killed Dowan
  3753 | D:5      | Reached XP level 8. HP: 70/70 MP: 7/7
  3753 | D:5      | Noticed Duvessa
  3760 | D:5      | Killed Duvessa
  3791 | D:5      | Reached skill level 10 in Ranged Weapons
  3821 | D:5      | Found a runed translucent gate.
  3825 | D:5      | Found a runed translucent gate.
  3826 | D:5      | Found a runed translucent gate.
  3830 | D:5      | Noticed qw's ghost (novice GrFi)
  3906 | D:5      | 3906 ||| READING scroll of enchant armour.
  3906 | D:5      | 3906 ||| ENCHANTING +0 cloak.
  3912 | D:5      | Reached skill level 3 in Armour
  4031 | D:5      | Found a sparkling altar of Nemelex Xobeh.
  4138 | D:5      | Reached * piety under Okawaru
  4287 | D:5      | 4287 ||| DRINKING 2 fizzy inky potions.
  4288 | D:5      | 4288 ||| DRINKING 2 amethyst potions.
  4289 | D:5      | 4289 ||| DRINKING 5 potions of curing.
  4289 | D:5      | 4289 ||| (to cure confusion)
  4290 | D:5      | 4290 ||| READING 3 scrolls of identify.
  4290 | D:5      | 4290 ||| IDENTIFYING fuming amethyst potion
  4291 | D:5      | 4291 ||| READING 2 scrolls of identify.
  4291 | D:5      | 4291 ||| IDENTIFYING fuming coppery potion
  4292 | D:5      | 4292 ||| DROPPING potion of degeneration.
  4293 | D:5      | 4293 ||| DROPPING potion of ambrosia.
  4294 | D:5      | 4294 ||| DROPPING potion of enlightenment.
  4298 | D:6      | 4298 ||| INVOKING Heroism.
  4307 | D:6      | 4307 ||| STAIRDANCE
  4312 | D:5      | 4312 ||| INVOKING Heroism.
  4428 | D:6      | 4428 ||| STAIRDANCE
  4434 | D:5      | 4434 ||| INVOKING Heroism.
  4554 | D:6      | 4554 ||| READING scroll of enchant armour.
  4554 | D:6      | 4554 ||| ENCHANTING +1 cloak.
  4562 | D:6      | 4562 ||| Stepping ~*~*~tactically~*~*~ (outnumbered).
  4566 | D:6      | Reached skill level 11 in Ranged Weapons
  4740 | D:6      | Reached XP level 9. HP: 79/79 MP: 8/8
  4760 | D:6      | Reached skill level 1 in Invocations
  4853 | D:6      | 4853 ||| INVOKING Heroism.
  4862 | D:6      | Reached skill level 3 in Invocations
  4882 | D:6      | Identified the +0 falchion of the Puffin {spect, rElec}
  4887 | D:6      | 4887 ||| INVOKING Heroism.
  5195 | D:6      | 5195 ||| UPGRADING to +0 pair of gloves.
  5240 | D:7      | 5240 ||| READING scroll of acquirement.
  5240 | D:7      | 5240 ||| ACQUIRING +0 pair of boots of flying
  5240 | D:7      | Acquired a +0 pair of boots of flying
  5282 | D:7      | 5282 ||| INVOKING Heroism.
  5374 | D:7      | Reached skill level 12 in Ranged Weapons
  5377 | D:7      | Reached ** piety under Okawaru
  5443 | D:7      | Found a shimmering blue altar of Sif Muna.
  5488 | D:7      | Reached XP level 10. HP: 88/88 MP: 12/12
  5914 | D:7      | 5914 ||| INVOKING Heroism.
  6404 | D:7      | 6404 ||| UPGRADING to +4 ring of protection.
  6405 | D:7      | 6405 ||| DROPPING ring of wizardry.
  6406 | D:7      | 6406 ||| READING 2 scrolls of identify.
  6406 | D:7      | 6406 ||| IDENTIFYING dark potion
  6428 | D:8      | Found a staircase to the Lair.
  6472 | D:8      | Found a white marble altar of Elyvilon.
  6543 | D:8      | Reached skill level 13 in Ranged Weapons
  6573 | D:8      | Noticed Pikel
  6581 | D:8      | Killed Pikel
  6582 | D:8      | Reached skill level 9 in Fighting
  6588 | D:8      | Reached *** piety under Okawaru
  6639 | D:8      | 6639 ||| INVOKING Heroism.
  6804 | D:8      | Noticed Erica
  6805 | D:8      | 6805 ||| INVOKING Heroism.
  6808 | D:8      | Killed Erica
  6831 | D:8      | Found a large runed translucent door.
  6832 | D:8      | Found a large runed translucent door.
  6836 | D:8      | Noticed Maggie
  6837 | D:8      | 6837 ||| UPGRADING to +0 robe of willpower.
  6851 | D:8      | Killed Maggie
  6879 | D:8      | 6879 ||| DROPPING +0 ring mail.
  6880 | D:8      | 6880 ||| UPGRADING to +0 steam dragon scales.
  6890 | D:8      | 6890 ||| DROPPING +0 robe of willpower.
  7073 | D:8      | Noticed Grum
  7074 | D:8      | 7074 ||| INVOKING Heroism.
  7077 | D:8      | Killed Grum
  7097 | D:8      | 7097 ||| INVOKING Heroism.
  7098 | D:8      | Noticed a red ugly thing
  7105 | D:8      | Reached skill level 14 in Ranged Weapons
  7111 | D:8      | 7111 ||| INVOKING Heroism.
  7116 | D:8      | Reached XP level 11. HP: 80/99 MP: 10/13
  7121 | D:8      | Killed a red ugly thing
  7121 | D:8      | Reached **** piety under Okawaru
  7438 | D:8      | 7438 ||| PLANNING LAIR
  7438 | D:8      | 7438 ||| READING 5 scrolls of identify.
  7438 | D:8      | 7438 ||| IDENTIFYING white potion
  7475 | Lair:1   | Entered Level 1 of the Lair of Beasts
  7476 | Lair:1   | 7476 ||| INVOKING Heroism.
  7527 | Lair:1   | 7527 ||| INVOKING Heroism.
  7613 | Lair:1   | 7613 ||| INVOKING Heroism.
  7678 | Lair:1   | Reached ***** piety under Okawaru
  7728 | Lair:1   | Reached skill level 6 in Invocations
  7733 | Lair:1   | Reached skill level 15 in Ranged Weapons
  7830 | Lair:1   | 7830 ||| INVOKING Heroism.
  7864 | Lair:1   | Identified the +2 buckler of Quantum Leap {rPois} (Okawaru
                  | gifted it to you on level 1 of the Lair of Beasts)
  7864 | Lair:1   | Received a gift from Okawaru
  7888 | Lair:1   | 7888 ||| INVOKING Heroism.
  7935 | Lair:1   | 7935 ||| INVOKING Heroism.
  8091 | Lair:1   | 8091 ||| READING scroll of enchant armour.
  8091 | Lair:1   | 8091 ||| ENCHANTING +0 steam dragon scales.
  8141 | Lair:1   | 8141 ||| INVOKING Heroism.
  8146 | Lair:1   | Reached XP level 12. HP: 105/106 MP: 13/16
  8189 | Lair:1   | 8189 ||| INVOKING Heroism.
  8418 | Lair:1   | 8418 ||| INVOKING Heroism.
  8425 | Lair:1   | Noticed Amaemon
  8432 | Lair:1   | Killed Amaemon
  8625 | Lair:1   | 8625 ||| UPGRADING to ring of positive energy.
  8626 | Lair:1   | 8626 ||| READING scroll labelled SALORO TUERUFO.
  8633 | Lair:1   | 8633 ||| Stepping ~*~*~tactically~*~*~ (cloud).
  8792 | Lair:2   | 8792 ||| INVOKING Heroism.
  8806 | Lair:2   | Reached skill level 16 in Ranged Weapons
  8812 | Lair:2   | Reached skill level 9 in Invocations
  8820 | Lair:2   | 8820 ||| INVOKING Heroism.
  9336 | Lair:2   | 9336 ||| READING scroll of enchant armour.
  9336 | Lair:2   | 9336 ||| ENCHANTING +1 steam dragon scales.
  9508 | Lair:2   | 9508 ||| INVOKING Heroism.
  9566 | Lair:2   | 9566 ||| DROPPING ring of magical power.
  9612 | Lair:3   | Reached skill level 6 in Armour
  9631 | Lair:3   | Received a gift from Okawaru
  9680 | Lair:3   | 9680 ||| DROPPING +3 orcbow.
  9787 | Lair:3   | Noticed Nergalle
  9790 | Lair:3   | 9790 ||| INVOKING Heroism.
  9797 | Lair:3   | Killed Nergalle
  9955 | Lair:3   | Noticed an eight-headed hydra
  9956 | Lair:3   | 9956 ||| INVOKING Heroism.
  9957 | Lair:3   | 9957 ||| INVOKING Finesse.
  9961 | Lair:3   | Killed an eight-headed hydra
  9962 | Lair:3   | Reached skill level 17 in Ranged Weapons
 10162 | Lair:3   | Reached XP level 13. HP: 116/116 MP: 19/19
 10245 | Lair:3   | 10245 ||| INVOKING Heroism.
 10284 | Lair:3   | Reached skill level 9 in Dodging
 10353 | Lair:3   | Found a staircase to the Swamp.
 10401 | Lair:3   | Found the +3 salamander hide armour {Flames, rFlCloud rF++
                  | rC--}
 10585 | Lair:3   | Found a hole to the Spider Nest.
 10772 | Lair:3   | 10772 ||| DROPPING +6 ring of intelligence.
 10802 | Lair:4   | 10802 ||| INVOKING Heroism.
 10820 | Lair:4   | 10820 ||| INVOKING Finesse.
 10833 | Lair:4   | 10833 ||| STAIRDANCE
 10843 | Lair:3   | Reached skill level 18 in Ranged Weapons
 11257 | Lair:4   | 11257 ||| INVOKING Heroism.
 11258 | Lair:4   | 11258 ||| INVOKING Finesse.
 11270 | Lair:4   | Reached skill level 12 in Fighting
 11343 | Lair:4   | Identified the +5 hat of Duck's Teeth {rC+ SInv Stlth+}
                  | (Okawaru gifted it to you on level 4 of the Lair of Beasts)
 11343 | Lair:4   | Received a gift from Okawaru
 11441 | Lair:4   | 11441 ||| INVOKING Heroism.
 11442 | Lair:4   | 11442 ||| INVOKING Finesse.
 11521 | Lair:4   | 11521 ||| INVOKING Heroism.
 11595 | Lair:4   | Found a viscous altar of Jiyva.
 11596 | Lair:4   | Found a staircase to the Slime Pits.
 12044 | Lair:4   | 12044 ||| UPGRADING to +5 hat of Duck's Teeth {rC+ SInv
                  | Stlth+}.
 12072 | Lair:5   | Entered Level 5 of the Lair of Beasts
 12073 | Lair:5   | 12073 ||| STAIRDANCE
 12177 | Lair:5   | 12177 ||| INVOKING Heroism.
 12204 | Lair:5   | 12204 ||| STAIRDANCE
 12212 | Lair:4   | HP: 24/122 [elephant (11)]
 12213 | Lair:4   | 12213 ||| READING 3 scrolls of teleportation.
 12214 | Lair:4   | 12214 ||| DRINKING potion of heal wounds.
 12434 | Lair:5   | 12434 ||| INVOKING Heroism.
 12513 | Lair:5   | Reached XP level 14. HP: 99/130 MP: 20/20
 12515 | Lair:5   | 12515 ||| INVOKING Heroism.
 12544 | Lair:5   | 12544 ||| INVOKING Heroism.
 12814 | Lair:5   | 12814 ||| INVOKING Heroism.
 12817 | Lair:5   | 12817 ||| Stepping ~*~*~tactically~*~*~ (cloud).
 12822 | Lair:5   | 12822 ||| Stepping ~*~*~tactically~*~*~ (cloud).
 12855 | Lair:5   | 12855 ||| DROPPING amulet of regeneration.
 12861 | Lair:5   | 12861 ||| INVOKING Heroism.
 12899 | Lair:5   | 12899 ||| FLEEEEING.
 12981 | Lair:5   | 12981 ||| INVOKING Heroism.
 13020 | Lair:5   | Reached skill level 15 in Fighting
 13197 | Lair:5   | Reached skill level 9 in Armour
 13556 | Lair:5   | 13556 ||| INVOKING Heroism.
 13560 | Lair:5   | 13560 ||| Stepping ~*~*~tactically~*~*~ (cloud).
 13634 | Lair:5   | 13634 ||| INVOKING Heroism.
 13673 | Lair:5   | 13673 ||| INVOKING Finesse.
 13731 | Lair:5   | 13731 ||| INVOKING Heroism.
 13825 | Lair:5   | Reached skill level 12 in Dodging
 13967 | Lair:5   | 13967 ||| PLANNING D:1-11
 14126 | D:9      | 14126 ||| Stepping ~*~*~tactically~*~*~ (outnumbered).
 14128 | D:9      | Found a hazy altar of Hepliaklqana.
 14197 | D:9      | Found a shadowy altar of Dithmenos.
 14699 | D:9      | 14699 ||| DROPPING scarf of harm.
 14700 | D:9      | 14700 ||| READING scroll labelled ITEOPNUOTU.
 14747 | D:10     | Entered Level 10 of the Dungeon
 15004 | D:10     | 15004 ||| Stepping ~*~*~tactically~*~*~ (outnumbered).
 15007 | D:10     | 15007 ||| Stepping ~*~*~tactically~*~*~ (outnumbered).
 15009 | D:10     | 15009 ||| Stepping ~*~*~tactically~*~*~ (outnumbered).
 15044 | D:10     | 15044 ||| INVOKING Heroism.
 15045 | D:10     | 15045 ||| INVOKING Finesse.
 15093 | D:10     | 15093 ||| INVOKING Heroism.
 15497 | D:11     | Noticed Lodul
 15501 | D:11     | Killed Lodul
 15550 | D:11     | 15550 ||| READING scroll of enchant weapon.
 15550 | D:11     | 15550 ||| ENCHANTING +6 arbalest of draining.
 16248 | D:11     | 16248 ||| Stepping ~*~*~tactically~*~*~ (outnumbered).
 16250 | D:11     | 16250 ||| Stepping ~*~*~tactically~*~*~ (outnumbered).
 16252 | D:11     | 16252 ||| Stepping ~*~*~tactically~*~*~ (outnumbered).
 16254 | D:11     | 16254 ||| Stepping ~*~*~tactically~*~*~ (outnumbered).
 16257 | D:11     | Received a gift from Okawaru
 16295 | D:11     | 16295 ||| READING scroll of enchant weapon.
 16295 | D:11     | 16295 ||| ENCHANTING +7 arbalest of draining.
 16416 | D:11     | 16416 ||| PLANNING D
 16416 | D:11     | 16416 ||| DROPPING ring "Kacux" {Fly rElec Will- rCorr
                  | Str+2}.
 16417 | D:11     | 16417 ||| UPGRADING to +5 ring of evasion.
 16419 | D:11     | 16419 ||| UPGRADING to +4 ring of protection.
 16421 | D:11     | 16421 ||| DROPPING ring of positive energy.
 16436 | D:12     | Found Okableow's Armour Emporium.
 16436 | D:12     | Found a staircase to the Orcish Mines.
 16441 | D:12     | Found Turoagu's Weapon Emporium.
 16563 | D:12     | Noticed Erolcha
 16564 | D:12     | 16564 ||| INVOKING Heroism.
 16565 | D:12     | 16565 ||| INVOKING Finesse.
 16568 | D:12     | Killed Erolcha
 16971 | D:12     | 16971 ||| INVOKING Heroism.
 16972 | D:12     | 16972 ||| INVOKING Finesse.
 16985 | D:12     | Reached XP level 15. HP: 126/147 MP: 14/21
 17180 | D:12     | 17180 ||| READING scroll labelled BEERAL CYWI.
 17339 | D:13     | 17339 ||| FLEEEEING.
 17340 | D:13     | 17340 ||| FLEEEEING.
 17493 | D:13     | 17493 ||| READING scroll of enchant armour.
 17493 | D:13     | 17493 ||| ENCHANTING +2 steam dragon scales.
 17503 | D:13     | Found Bitucu Fimymm's Island Escapes.
 17527 | D:13     | 17527 ||| Stepping ~*~*~tactically~*~*~ (outnumbered).
 17549 | D:13     | 17549 ||| Stepping ~*~*~tactically~*~*~ (outnumbered).
 17566 | D:13     | Found a gate to the Vaults.
 17610 | D:13     | 17610 ||| INVOKING Heroism.
 17611 | D:13     | 17611 ||| INVOKING Finesse.
 17869 | D:13     | 17869 ||| INVOKING Heroism.
 17992 | D:13     | Found a portal to a secret trove of treasure.
 18100 | D:13     | 18100 ||| READING scroll labelled IDWUSCH OMOBOOTS.
 18227 | D:14     | Received a gift from Okawaru
 18227 | D:14     | Found the +15 Maxwell's patent armour {-Cast -Tele rElec
                  | Will+ rCorr}
 18447 | D:14     | Found Bery's Weapon Shop.
 18699 | D:14     | Found a hide-covered altar of Uskayaw.
 18888 | D:14     | 18888 ||| READING scroll labelled QUPNOMIASE.
 18898 | D:15     | Entered Level 15 of the Dungeon
 18898 | D:15     | Found Ukhlirr's Book Boutique.
 18906 | D:15     | Noticed Azrael
 18907 | D:15     | 18907 ||| INVOKING Heroism.
 18908 | D:15     | 18908 ||| INVOKING Finesse.
 18918 | D:15     | Killed Azrael
 18978 | D:15     | 18978 ||| STAIRDANCE
 19181 | D:15     | Reached skill level 18 in Fighting
 19396 | D:15     | Found an ancient bone altar of Kikubaaqudgha.
 19485 | D:15     | Noticed an emperor scorpion
 19486 | D:15     | 19486 ||| INVOKING Heroism.
 19495 | D:15     | Killed an emperor scorpion
 19531 | D:15     | Found a staircase to the Depths.
 19538 | D:15     | 19538 ||| PLANNING ORC
 19538 | D:15     | 19538 ||| DROPPING +6 ring of strength.
 19627 | Orc:1    | Entered Level 1 of the Orcish Mines
 19673 | Orc:1    | 19673 ||| Stepping ~*~*~tactically~*~*~ (outnumbered).
 19675 | Orc:1    | 19675 ||| Stepping ~*~*~tactically~*~*~ (outnumbered).
 19677 | Orc:1    | 19677 ||| Stepping ~*~*~tactically~*~*~ (outnumbered).
 19679 | Orc:1    | 19679 ||| Stepping ~*~*~tactically~*~*~ (outnumbered).
 19682 | Orc:1    | 19682 ||| Stepping ~*~*~tactically~*~*~ (outnumbered).
 19700 | Orc:1    | Reached skill level 15 in Dodging
 19744 | Orc:1    | 19744 ||| INVOKING Heroism.
 19995 | Orc:2    | Entered Level 2 of the Orcish Mines
 20039 | Orc:2    | Found a staircase to the Elven Halls.
 20154 | Orc:2    | Found Vithrogi's Weapon Shop.
 20158 | Orc:2    | 20158 ||| INVOKING Heroism.
 20159 | Orc:2    | 20159 ||| INVOKING Finesse.
 20233 | Orc:2    | 20233 ||| FLEEEEING.
 20287 | Orc:2    | 20287 ||| INVOKING Heroism.
 20288 | Orc:2    | 20288 ||| INVOKING Finesse.
 20382 | Orc:2    | Found Benizu Enai's Antique Weapon Emporium.
 20384 | Orc:2    | Found Kaladd's Antique Armour Shoppe.
 20391 | Orc:2    | 20391 ||| BUYING longbow (156 gold).
 20391 | Orc:2    | Bought a longbow for 156 gold pieces
 20391 | Orc:2    | 20391 ||| BUYING runed orcbow (156 gold).
 20391 | Orc:2    | Bought a runed orcbow for 156 gold pieces
 20391 | Orc:2    | 20391 ||| SWAPPING to +0 longbow.
 20392 | Orc:2    | 20392 ||| DROPPING +1 orcbow of freezing.
 20505 | Orc:2    | 20505 ||| Stepping ~*~*~tactically~*~*~ (outnumbered).
 20507 | Orc:2    | 20507 ||| Stepping ~*~*~tactically~*~*~ (outnumbered).
 20511 | Orc:2    | 20511 ||| Stepping ~*~*~tactically~*~*~ (outnumbered).
 20612 | Orc:1    | Found a runed translucent gate.
 20612 | Orc:1    | Found a runed translucent gate.
 20612 | Orc:1    | Found a runed translucent gate.
 20616 | Orc:1    | Noticed Bigaod's ghost (journeyman DsGl)
 20653 | Orc:1    | 20653 ||| INVOKING Heroism.
 20669 | Orc:1    | Reached XP level 16. HP: 143/159 MP: 20/22
 20884 | Orc:2    | 20884 ||| INVOKING Heroism.
 20885 | Orc:2    | 20885 ||| Stepping ~*~*~tactically~*~*~ (outnumbered).
 20897 | Orc:2    | 20897 ||| Stepping ~*~*~tactically~*~*~ (outnumbered).
 20916 | Orc:2    | Found Poocual's Distillery.
 20924 | Orc:2    | 20924 ||| BUYING potion of curing (48 gold).
 20924 | Orc:2    | Bought a potion of curing for 48 gold pieces
 20924 | Orc:2    | 20924 ||| BUYING potion of heal wounds (80 gold).
 20924 | Orc:2    | Bought a potion of heal wounds for 80 gold pieces
 20924 | Orc:2    | 20924 ||| BUYING potion of might (64 gold).
 20924 | Orc:2    | Bought a potion of might for 64 gold pieces
 20924 | Orc:2    | 20924 ||| BUYING potion of might (64 gold).
 20924 | Orc:2    | Bought a potion of might for 64 gold pieces
 21211 | Orc:2    | 21211 ||| Stepping ~*~*~tactically~*~*~ (outnumbered).
 21215 | Orc:2    | 21215 ||| Stepping ~*~*~tactically~*~*~ (outnumbered).
 21259 | Orc:2    | Found Inossuog's Book Boutique.
 21395 | Orc:2    | 21395 ||| PLANNING SPIDER:1-3
 21632 | Spider:1 | Entered Level 1 of the Spider Nest
 21640 | Spider:1 | 21640 ||| STAIRDANCE
 21671 | Spider:1 | 21671 ||| STAIRDANCE
 21682 | Lair:3   | 21682 ||| INVOKING Heroism.
 21831 | Spider:1 | 21831 ||| STAIRDANCE
 21869 | Spider:1 | Found a transporter.
 21919 | Spider:1 | Received a gift from Okawaru
 21938 | Spider:1 | 21938 ||| INVOKING Heroism.
 22102 | Spider:1 | 22102 ||| SWAPPING to +2 triple crossbow of flaming.
 22103 | Spider:1 | 22103 ||| DROPPING +0 longbow.
 22104 | Spider:1 | 22104 ||| DROPPING +8 arbalest of flaming.
 22194 | Spider:1 | Noticed qw's ghost (adept MiHu)
 22197 | Spider:1 | Noticed Arachne
 22238 | Spider:1 | Identified the +3 scale mail of Tenacity {Str+2}
 22304 | Spider:1 | Reached skill level 19 in Ranged Weapons
 22312 | Spider:1 | Found a transporter.
 22313 | Spider:1 | Noticed Cumomo's ghost (adept SpEn)
 22327 | Spider:1 | 22327 ||| UPGRADING to amulet of faith.
 22355 | Spider:2 | 22355 ||| STAIRDANCE
 22364 | Spider:2 | 22364 ||| STAIRDANCE
 22475 | Spider:2 | Noticed Aizul
 22476 | Spider:2 | 22476 ||| INVOKING Heroism.
 22478 | Spider:2 | 22478 ||| INVOKING Finesse.
 22491 | Spider:2 | Killed Aizul
 22691 | Spider:2 | Noticed Asterion
 22692 | Spider:2 | 22692 ||| INVOKING Heroism.
 22707 | Spider:2 | Killed Asterion
 22715 | Spider:2 | 22715 ||| FLEEEEING.
 22716 | Spider:2 | HP: 39/159 [poisoned by a green death (poison arrow)]
 22717 | Spider:2 | 22717 ||| READING 8 scrolls of teleportation.
 22718 | Spider:2 | 22718 ||| DRINKING 2 potions of heal wounds.
 22931 | Spider:2 | 22931 ||| INVOKING Heroism.
 22982 | Spider:2 | 22982 ||| INVOKING Heroism.
 22991 | Spider:2 | Reached skill level 20 in Ranged Weapons
 23000 | Spider:2 | 23000 ||| READING scroll of enchant weapon.
 23000 | Spider:2 | 23000 ||| ENCHANTING +2 triple crossbow of flaming.
 23023 | Spider:2 | 23023 ||| INVOKING Heroism.
 23169 | Spider:2 | 23169 ||| INVOKING Finesse.
 23170 | Spider:2 | 23170 ||| INVOKING Heroism.
 23171 | Spider:2 | 23171 ||| Stepping ~*~*~tactically~*~*~ (outnumbered).
 23224 | Spider:2 | 23224 ||| DRINKING 13 potions of curing.
 23224 | Spider:2 | 23224 ||| (to cure confusion)
 23225 | Spider:2 | 23225 ||| DRINKING 12 potions of curing.
 23225 | Spider:2 | 23225 ||| (to cure confusion)
 23542 | Spider:2 | 23542 ||| DROPPING ring of see invisible.
 23586 | Spider:3 | 23586 ||| INVOKING Heroism.
 23605 | Spider:3 | Found a runed translucent gate.
 23607 | Spider:3 | Found a runed translucent gate.
 23608 | Spider:3 | Found a runed translucent gate.
 23609 | Spider:3 | Noticed Feguytzu's ghost (journeyman GrMo)
 23749 | Spider:3 | 23749 ||| INVOKING Heroism.
 23938 | Spider:3 | 23938 ||| FLEEEEING.
 24100 | Spider:3 | Reached skill level 21 in Ranged Weapons
 24230 | Spider:3 | 24230 ||| FLEEEEING.
 24231 | Spider:3 | 24231 ||| FLEEEEING.
 24232 | Spider:3 | 24232 ||| FLEEEEING.
 24233 | Spider:3 | 24233 ||| FLEEEEING.
 24234 | Spider:3 | 24234 ||| FLEEEEING.
 24235 | Spider:3 | 24235 ||| FLEEEEING.
 24236 | Spider:3 | 24236 ||| FLEEEEING.
 24237 | Spider:3 | 24237 ||| FLEEEEING.
 24238 | Spider:3 | 24238 ||| FLEEEEING.
 24239 | Spider:3 | 24239 ||| FLEEEEING.
 24240 | Spider:3 | 24240 ||| FLEEEEING.
 24241 | Spider:3 | 24241 ||| FLEEEEING.
 24242 | Spider:3 | 24242 ||| FLEEEEING.
 24244 | Spider:3 | 24244 ||| FLEEEEING.
 24245 | Spider:3 | 24245 ||| FLEEEEING.
 24246 | Spider:3 | 24246 ||| FLEEEEING.
 24247 | Spider:3 | 24247 ||| FLEEEEING.
 24248 | Spider:3 | 24248 ||| FLEEEEING.
 24249 | Spider:3 | 24249 ||| FLEEEEING.
 24250 | Spider:3 | 24250 ||| INVOKING Finesse.
 24788 | Spider:3 | 24788 ||| PLANNING SWAMP:1-3
 24926 | Swamp:1  | Entered Level 1 of the Swamp
 24941 | Swamp:1  | 24941 ||| Stepping ~*~*~tactically~*~*~ (water).
 24946 | Swamp:1  | 24946 ||| INVOKING Heroism.
 24949 | Swamp:1  | Received a gift from Okawaru
 25077 | Swamp:1  | Identified the ring "Aromodik" {rPois rF+ Str+4 Dex+3 SInv}
 25096 | Swamp:1  | 25096 ||| INVOKING Heroism.
 25097 | Swamp:1  | 25097 ||| Stepping ~*~*~tactically~*~*~ (water).
 25304 | Swamp:1  | 25304 ||| Stepping ~*~*~tactically~*~*~ (water).
 25306 | Swamp:1  | 25306 ||| Stepping ~*~*~tactically~*~*~ (water).
 25310 | Swamp:1  | 25310 ||| Stepping ~*~*~tactically~*~*~ (water).
 25314 | Swamp:1  | 25314 ||| Stepping ~*~*~tactically~*~*~ (cloud).
 25315 | Swamp:1  | 25315 ||| Stepping ~*~*~tactically~*~*~ (outnumbered).
 25323 | Swamp:1  | 25323 ||| DRINKING 13 potions of curing.
 25323 | Swamp:1  | 25323 ||| (to cure confusion)
 25373 | Swamp:1  | 25373 ||| INVOKING Heroism.
 25722 | Swamp:1  | 25722 ||| UPGRADING to +0 swamp dragon scales.
 25732 | Swamp:1  | 25732 ||| UPGRADING to ring "Aromodik" {rPois rF+ Str+4
                  | Dex+3 SInv}.
 25734 | Swamp:1  | 25734 ||| UPGRADING to +3 steam dragon scales.
 25744 | Swamp:1  | 25744 ||| UPGRADING to +5 ring of evasion.
 25746 | Swamp:1  | 25746 ||| DROPPING +4 ring of protection.
 25763 | Swamp:2  | 25763 ||| INVOKING Heroism.
 25768 | Swamp:2  | Reached XP level 17. HP: 166/166 MP: 20/23
 25769 | Swamp:2  | Received a gift from Okawaru
 25780 | Swamp:2  | 25780 ||| STAIRDANCE
 25852 | Swamp:2  | 25852 ||| INVOKING Heroism.
 25898 | Swamp:2  | Reached skill level 22 in Ranged Weapons
 25976 | Swamp:2  | 25976 ||| Stepping ~*~*~tactically~*~*~ (water).
 25999 | Swamp:2  | 25999 ||| Stepping ~*~*~tactically~*~*~ (water).
 26004 | Swamp:2  | 26004 ||| Stepping ~*~*~tactically~*~*~ (water).
 26026 | Swamp:2  | 26026 ||| Stepping ~*~*~tactically~*~*~ (water).
 26083 | Swamp:2  | 26083 ||| INVOKING Heroism.
 26088 | Swamp:2  | Noticed Kirke
 26097 | Swamp:2  | 26097 ||| DRINKING 3 potions of cancellation.
 26098 | Swamp:2  | Killed Kirke
 26101 | Swamp:2  | 26101 ||| Stepping ~*~*~tactically~*~*~ (water).
 26353 | Swamp:3  | 26353 ||| Stepping ~*~*~tactically~*~*~ (water).
 26359 | Swamp:3  | 26359 ||| INVOKING Heroism.
 26360 | Swamp:3  | 26360 ||| Stepping ~*~*~tactically~*~*~ (water).
 26419 | Swamp:3  | 26419 ||| Stepping ~*~*~tactically~*~*~ (water).
 26421 | Swamp:3  | 26421 ||| Stepping ~*~*~tactically~*~*~ (water).
 26423 | Swamp:3  | 26423 ||| Stepping ~*~*~tactically~*~*~ (water).
 26424 | Swamp:3  | 26424 ||| INVOKING Heroism.
 26436 | Swamp:3  | Received a gift from Okawaru
 26480 | Swamp:3  | 26480 ||| Stepping ~*~*~tactically~*~*~ (water).
 26496 | Swamp:3  | 26496 ||| INVOKING Heroism.
 26674 | Swamp:3  | 26674 ||| Stepping ~*~*~tactically~*~*~ (water).
 26697 | Swamp:3  | 26697 ||| READING scroll of brand weapon.
 26697 | Swamp:3  | 26697 ||| BRANDING +3 triple crossbow of flaming.
 26876 | Swamp:3  | 26876 ||| PLANNING SPIDER:4
 26876 | Swamp:3  | 26876 ||| DROPPING +3 leather armour.
 26877 | Swamp:3  | 26877 ||| DROPPING +0 leather armour of cold resistance.
 27058 | Spider:4 | Entered Level 4 of the Spider Nest
 27064 | Spider:4 | 27064 ||| INVOKING Finesse.
 27128 | Spider:4 | Received a gift from Okawaru
 27128 | Spider:4 | Found the +8 orange crystal plate armour {Archmagi, Int+3
                  | Clar}
 27212 | Spider:4 | 27212 ||| INVOKING Heroism.
 27261 | Spider:4 | 27261 ||| INVOKING Finesse.
 27284 | Spider:4 | 27284 ||| INVOKING Heroism.
 27316 | Spider:4 | 27316 ||| INVOKING Finesse.
 27405 | Spider:4 | 27405 ||| INVOKING Heroism.
 27484 | Spider:4 | 27484 ||| INVOKING Heroism.
 27508 | Spider:4 | HP: 35/154 [jorogumo/bolt of negative energy (26)]
 27509 | Spider:4 | 27509 ||| READING 9 scrolls of teleportation.
 27510 | Spider:4 | 27510 ||| DRINKING 7 potions of heal wounds.
 27511 | Spider:4 | 27511 ||| DRINKING 6 potions of heal wounds.
 27513 | Spider:4 | Noticed Bai Suzhen
 27517 | Spider:4 | HP: 36/155 [Bai Suzhen] (9)]
 27517 | Spider:4 | Killed from afar by Bai Suzhen

Levels and vault maps discovered:
D:1:      nzn_arrival_depleted_hourglass, layout_rooms, serial_bayou,
          serial_bayou_pond_d, serial_bayou_ford_a, serial_bayou_crossing,
          serial_bayou_lagoon_a, ebering_ecumenical_altar_sacrificial
D:2:      layout_loops_ring, nrook_loot_triangle
D:3:      layout_basic, nicolae_figureground_sparkle
D:4:      nicolae_BIG_FREAKIN_CUBE, layout_cave_pods,
          mainiacjoe_overflow_24_doors, nicolae_ossuary_entry_plus
D:5:      layout_basic, nemelex_diamond_rough_becter, nicolae_ru_awakened_eye,
          temple_doors_e, gammafunk_ghost_necromancy, uniq_duvessa
D:6:      layout_rooms, serial_corexii_hall, chequers_hall_statues_y,
          corexii_hall_statues_deadend
D:7:      layout_layer_cave, nicolae_overflow_crystal_walls
D:8:      kennysheep_blocky_room, layout_rooms, nicolae_elyvilon_peaceful_grove,
          jmf_multi_god_temple2, uniq_pikel, uniq_grum, uniq_erica, uniq_maggie
D:9:      layout_roguey, amcnicky_altar_gilded, lemuel_crystal_altar,
          dreamdust_deal_with_the_devil
D:10:     layout_loops_ring, minivault_15
D:11:     nicolae_moon_pools, layout_loops_corners, nrook_mini_vaults,
          uniq_lodul
D:12:     layout_basic, orc_david_3, eino_curves_03, minmay_quadrilaterals,
          uniq_erolcha
D:13:     layout_loops_cross, skrybe_vaults_entry_preservation, enter_trove_1,
          nicolae_island_escapes
D:14:     layout_basic, serial_glass, glass_columns_a, glass_columns_c,
          glass_columns_a, glass_columns_a, glass_columns_a, glass_columns_a,
          glass_columns_a, glass_columns_b, feat_on_display,
          due_unseen_surprise, feat_on_display, serial_shops, shop,
          nicolae_uskayaw_en_pointe
D:15:     hangedman_depths_entry_try_elsewhere_first, layout_rooms,
          serial_shops, shop, nicolae_kikubaaqudgha_miasma_corner, uniq_azrael
Temple:   nicolae_temple_bog_church
Lair:1:   lemuel_ratsnest, layout_hall_layers, beast_lair_carwin_5,
          serial_bayou_shore_a, uniq_amaemon
Lair:2:   layout_regular_city
Lair:3:   layout_loops_ring, palyth_hydra_swamp_entry,
          hellmonk_spider_entry_life_and_decay, uniq_nergalle
Lair:4:   layout_cave_pods, slime_entry_1
Lair:5:   evilmike_catoblepas_cave, layout_cave_pods,
          infiniplex_staircase_pool_2
Swamp:1:  layout_basic_swamp, evilmike_swamp_ruin_rubble_2, swamp_pool5,
          nicolae_swamp_little_tower
Swamp:2:  nicolae_swamp_husk_halls, layout_basic_swamp,
          evilmike_swamp_ruin_house_3, uniq_kirke
Swamp:3:  layout_falls_marsh, nicolae_swamp_trees_clearing
Spider:1: layout_spider_delve, nzn_ghost_randoct
Spider:2: layout_spider_delve, nicolae_spider_rock_and_or_roll, uniq_asterion,
          uniq_aizul
Spider:3: layout_chambers, ebering_ghost_rock_garden, nicolae_spider_claw_tunnel
Spider:4: johnstein_spider_rune_arachne_lair, uniq_arachne, uniq_mlioglotl,
          uniq_bai_suzhen
Orc:1:    layout_caves, ebering_ghost_rock_garden, elves_outpost_lemuel
Orc:2:    grunt_orc_community_town_hall, layout_caves,
          grunt_orc_community_big_house_1, grunt_orc_community_big_house_1,
          grunt_orc_community_house_3, grunt_orc_community_house_1,
          grunt_orc_community_house_1, grunt_orc_community_house_1,
          grunt_orc_community_house_3, serial_shops, nicolae_shop_trees,
          nicolae_orc_stony_grotto

Skill      XL: |  1  2  3  4  5  6  7  8  9 10 11 12 13 14 15 16 17 |
---------------+----------------------------------------------------+-----
Ranged Weapons | 5 6 7 8 9 11 12 14 15 17 18 21 22 | 22.0
Fighting       | 3 4 5 6 7 8 9 10 11 13 17 18 19 | 19.0
Armour         | 1 2 3 4 5 6 7 9 10 | 10.9
Dodging        | 3 4 5 7 8 10 12 15 17 | 17.0
Invocations    | 4 7 10 | 10.0
Stealth        | |  0.7

Action                     |  1- 3 |  4- 6 |  7- 9 | 10-12 | 13-15 | 16-18 || total
---------------------------+-------+-------+-------+-------+-------+-------++-------
   Fire: Shortbow          |    76 |       |       |       |       |       ||    76
         Arbalest          |    32 |    72 |   203 |   503 |  1125 |       ||  1935
         Longbow           |       |       |       |       |    36 |   206 ||   242
         Triple crossbow   |       |       |       |       |       |   574 ||   574
 Invoke: Heroism           |       |       |     6 |    20 |    27 |    24 ||    77
         Finesse           |       |       |       |     1 |    11 |     6 ||    18
    Use: Scroll            |     4 |     8 |     9 |     5 |     8 |     4 ||    38
         Potion            |       |     2 |     5 |       |     1 |     7 ||    15
 Armour: Leather armour    |    14 |    14 |     3 |       |       |       ||    31
         Ring mail         |       |       |    69 |     7 |       |       ||    76
         Steam dragon scal |       |       |       |    68 |   184 |   164 ||   416
         Robe              |       |       |       |     1 |       |       ||     1
  Dodge: Dodged            |    25 |    17 |    99 |   210 |   534 |   751 ||  1636
  Block: Other             |       |     4 |    42 |    61 |   128 |    50 ||   285
         Reflection        |       |       |     1 |     3 |     9 |       ||    13

Table legend:
 A = Non-vault XP
 B = Vault XP
 C = Vault XP percentage of total XP
 D = Non-vault monster count
 E = Vault monster count
 F = Vault count percentage of total count
                 A         B        C        D         E       F
            +---------+---------+-------+---------+---------+-------
      Total |  192099 |   71181 |  27.0 |     730 |     286 |  28.1
            +---------+---------+-------+---------+---------+-------
        D:1 |      49 |       0 |   0.0 |      27 |       0 |   0.0
        D:2 |      47 |       0 |   0.0 |      19 |       0 |   0.0
        D:3 |      29 |       0 |   0.0 |      11 |       0 |   0.0
        D:4 |     160 |       0 |   0.0 |      16 |       0 |   0.0
        D:5 |     915 |     226 |  19.8 |      31 |       2 |   6.1
        D:6 |    1816 |       0 |   0.0 |      46 |       0 |   0.0
        D:7 |    2115 |       0 |   0.0 |      33 |       0 |   0.0
        D:8 |    2141 |    3559 |  62.4 |      26 |      15 |  36.6
        D:9 |    2164 |       0 |   0.0 |      19 |       0 |   0.0
       D:10 |    1450 |     730 |  33.5 |      25 |       1 |   3.8
       D:11 |    3090 |    1714 |  35.7 |      16 |       9 |  36.0
       D:12 |    4310 |    2654 |  38.1 |      21 |      10 |  32.3
       D:13 |    8168 |    5422 |  39.9 |      16 |       9 |  36.0
       D:14 |   10146 |       0 |   0.0 |      18 |       0 |   0.0
       D:15 |    7783 |    5465 |  41.3 |      14 |      12 |  46.2
     Lair:1 |    8729 |    3505 |  28.6 |      34 |      47 |  58.0
     Lair:2 |    7358 |       0 |   0.0 |      20 |       0 |   0.0
     Lair:3 |   11690 |    4419 |  27.4 |      34 |      13 |  27.7
     Lair:4 |   13500 |       0 |   0.0 |      38 |       0 |   0.0
     Lair:5 |   19668 |   10955 |  35.8 |      47 |      23 |  32.9
    Swamp:1 |   10569 |     391 |   3.6 |      20 |       3 |  13.0
    Swamp:2 |   14584 |    3866 |  21.0 |      25 |      12 |  32.4
    Swamp:3 |    9945 |       0 |   0.0 |      22 |       0 |   0.0
   Spider:1 |    7234 |       0 |   0.0 |      18 |       0 |   0.0
   Spider:2 |   15038 |    7848 |  34.3 |      37 |       8 |  17.8
   Spider:3 |    8370 |    4424 |  34.6 |      17 |       6 |  26.1
   Spider:4 |   14391 |    6032 |  29.5 |      27 |      17 |  38.6
      Orc:1 |    2842 |    4170 |  59.5 |      15 |       8 |  34.8
      Orc:2 |    3798 |    4963 |  56.6 |      38 |      69 |  64.5
    Ossuary |       0 |     838 | 100.0 |       0 |      22 | 100.0
            +---------+---------+-------+---------+---------+-------
